Cogmind - Beta 13 *** ADVENTURER MODE // 2024.06.01 @ 11:50:33 Player: chimpy Result: Self-destructed Performance ------------- Evolutions (2) 1000 Regions Visited (4) 800 Robots Destroyed (51) 255 Value Destroyed (1134) 1134 Prototype IDs (6) 120 Alien Tech Used (0) 0 Bonus (26) 26 TOTAL SCORE: 3335 Bonus ------- High Alert Combat Kills 26 Cogmind --------- Core Integrity 318/550 Matter 300/300 Energy 160/160 System Corruption 0% Temperature Cool (0) Movement Core (100) Ox1 Location -8/Materials Parts ------- > --- POWER (2) -------- Light Nuclear Core > --- PROPULSION (3) --- Armored Treads > --- UTILITY (4) ------ Improved Signal Interpreter System Shield > --- WEAPON (2) ------- (None) > --- INVENTORY (5) ---- Flight Unit Improved Flight Unit Heavy EM Pulse Gun Improved EM Shotgun Improved Datajack Peak State ------------ > --- POWER ------------ Light Ion Engine Light Deuterium Engine > --- PROPULSION ------- Armored Treads Aerolev Unit Flight Unit > --- UTILITY ---------- Weight Redist. System Improved Signal Interpreter System Shield System Shield > --- WEAPON ----------- Field Laser Field Laser > --- INVENTORY -------- Flight Unit Transport Network Coupler Heavy EM Pulse Gun Improved EM Shotgun Improved Datajack [Rating: 30] Favorites ----------- Power Light Ion Engine Engine Light Ion Engine Power Core Light Nuclear Core Propulsion Improved Flight Unit Treads Light Treads Leg Carbon-fiber Leg Hover Unit Aerolev Unit Flight Unit Improved Flight Unit Utility System Shield Device Heat Sink Storage Small Storage Unit Processor Improved Signal Interpreter Hackware System Shield Weapon Light Assault Rifle Energy Gun Field Laser Ballistic Gun Light Assault Rifle Ballistic Cannon Flak Cannon Launcher Grenade Launcher Special Melee Weapon Datajack Build | -11 -10 -10 -9 -8 ------- Run | Yrd Mat Min Mat Mat Slots Evolved 4 | . . . 2 2 Power 1 | . . . . 1 Propulsion 1 | . . . 1 . Utility 2 | . . . 1 1 Weapon . | . . . . . Parts Attached 63 | 7 1 5 32 18 Power 10 | 1 . . 4 5 Engine 8 | 1 . . 4 3 Core 2 | . . . . 2 Reactor . | . . . . . Propulsion 19 | 2 . . 11 6 Treads 8 | 2 . . 5 1 Leg 3 | . . . 3 . Wheel . | . . . . . Hover 1 | . . . . 1 Flight 7 | . . . 3 4 Utility 13 | 2 . 2 6 3 Device 8 | 1 . 2 4 1 Storage 1 | 1 . . . . Processor 1 | . . . . 1 Hackware 3 | . . . 2 1 Protection . | . . . . . Artifact . | . . . . . Weapon 21 | 2 1 3 11 4 Energy Gun 9 | . . . 5 4 Energy Cannon . | . . . . . Ballistic Gun 5 | 2 . 1 2 . Ballistic Cannon 3 | . . 1 2 . Launcher 3 | . . 1 2 . Special Weapon . | . . . . . Impact Weapon . | . . . . . Slashing Weapon . | . . . . . Piercing Weapon . | . . . . . Special Melee Weapon 1 | . 1 . . . Unidentified Prototypes 6 | . . 1 3 2 Parts Lost 26 | . . 1 9 16 Power 7 | . . 1 1 5 Propulsion 6 | . . . 2 4 Utility 7 | . . . 4 3 Weapon 6 | . . . 2 4 Highest Loss Streak 7 | . . 1 2 7 To Critical Strikes . | . . . . . Average Slot Usage (%) 75 | . 71 65 77 82 Engine 9 | . 14 7 7 13 Treads 9 | . 14 14 9 4 Flight 10 | . . . 14 13 Device 12 | . 14 15 11 9 Hackware 8 | . . . 11 14 Energy Gun 8 | . . . 10 15 Ballistic Gun 6 | . 17 12 5 . Ballistic Cannon 2 | . . . 5 . Special Melee Weapon 3 | . 10 14 . . Naked Turns . | . . . . . Heaviest Build 26 | 7 7 16 26 20 Greatest Support 30 | 20 20 20 30 20 Greatest Overweight (x) 6 | . . . 6 5 Average Overweight (x) . | . . . . . Largest Inventory Capacity 8 | 8 5 5 5 5 Average Capacity 5 | 5 5 5 5 5 Most Carried 5 | 5 5 5 5 5 Average Carried 4 | 2 4 4 4 4 Final Capacity 5 | 5 5 5 5 5 Final Carried 5 | 3 5 5 5 5 Class Distribution -------------------- 54% | Hacker-Mutant 45% | Mutant Dominant Class ---------------- Mutant | -10/Materials Mutant | -10/Mines Hacker-Mutant | -9/Materials Hacker-Mutant | -8/Materials Resources | -11 -10 -10 -9 -8 ----------- Run | Yrd Mat Min Mat Mat Matter Collected 1132 | 226 . 58 674 174 Remotely 170 | 170 . . . . Salvage Created 1460 | 56 39 43 929 393 Parts 103 | 3 3 5 64 28 Haulers Intercepted 3 | . . . 2 1 Recyclers Shooed 1 | . . . 1 . Parts Field Recycled . | . . . . . Retrieved Matter . | . . . . . Parts Self-Destructed . | . . . . . Prevented . | . . . . . Kills | -11 -10 -10 -9 -8 ------- Run | Yrd Mat Min Mat Mat Combat Hostiles Destroyed 36 | . 1 1 29 5 Guns 21 | . 1 1 14 5 Cannons 12 | . . . 12 . AOE 3 | . . . 3 . Classes Destroyed 10 | 1 1 1 6 1 Worker 2 | . . . 1 1 Builder 4 | . . . 2 2 Tunneler 1 | . . 1 . . Hauler 3 | . . . 2 1 Recycler 3 | 1 . . 2 . Watcher 2 | . . . 2 . Swarmer 13 | . . . 13 . Grunt 15 | . 1 1 11 2 Sentry 7 | . . . 5 2 Hunter 1 | . . . . 1 Best Kill Streak 7 | 1 1 2 7 3 Combat Bots Only 7 | . 1 1 7 2 Max Kills in Single Turn 3 | 1 1 1 3 2 Gunslinging 1 | . . . 1 . Exploded 3 | . . . 3 . Melee . | . . . . . Uniques/NPCs Destroyed . | . . . . . Combat | -11 -10 -10 -9 -8 -------- Run | Yrd Mat Min Mat Mat Hostile Shots Fired 408 | . 20 15 216 157 Missed 128 | . 7 7 57 57 Damage Taken 2831 | . 116 129 1406 1180 Core 527 | . 43 24 228 232 Absorbed by Shields . | . . . . . Ignored by Resistances 830 | . 37 38 421 334 Core Remaining (%) 72 | 100 . 73 43 . Volleys Fired 133 | 1 9 24 79 20 Largest 2 | 2 1 1 2 2 Hottest 126 | 40 20 35 119 126 Shots Fired 212 | 2 9 24 141 36 Gun 155 | 2 9 20 88 36 Cannon 50 | . . 1 49 . Launcher 7 | . . 3 4 . Special . | . . . . . Kinetic 105 | 2 9 21 73 . Thermal 96 | . . . 64 32 Explosive 7 | . . 3 4 . Electromagnetic 4 | . . . . 4 Robot Hit Streak 19 | 1 4 4 19 16 Robot Miss Streak 4 | . 2 . 4 2 Penetration Max . | . . . . . Secondary Targets 6 | . . . 5 1 Max Gunslinging Chain 1 | . . . 1 1 Shots Hit Robots 133 | 1 8 3 95 26 Core Hits 86 | 1 2 4 64 15 Critical Kills . | . . . . . Critical Parts Destroyed . | . . . . . Critical Strikes 5 | . . . 4 1 Burn 3 | . . . 2 1 Blast 2 | . . . 2 . Melee Attacks 2 | . 2 . . . Impact . | . . . . . Slashing . | . . . . . Piercing . | . . . . . Sneak Attacks 1 | . 1 . . . Combat Hostiles . | . . . . . Follow-up Attacks . | . . . . . Damage Inflicted 2653 | 15 41 92 2017 488 Guns 1499 | 15 41 22 933 488 Cannons 753 | . . . 753 . Explosions 396 | . . 70 326 . Melee . | . . . . . Ramming 5 | . . . 5 . Kinetic 943 | 15 41 22 865 . Thermal 1247 | . . . 821 426 Explosive 396 | . . 70 326 . Electromagnetic 62 | . . . . 62 Impact . | . . . . . Slashing . | . . . . . Piercing . | . . . . . Highest Corruption . | . . . . . Average Corruption . | . . . . . Corruption Purged . | . . . . . Corruption Blocked . | . . . . . Overload Shots . | . . . . . Overflow Damage . | . . . . . Projectiles . | . . . . . Explosions . | . . . . . Melee . | . . . . . Knockbacks 17 | . . . 17 . Impact . | . . . . . Kinetic 16 | . . . 16 . Secondary 1 | . . . 1 . Self-Inflicted Damage 67 | . . 67 . . Shots 3 | . . 3 . . Rammed 2 | . . . 2 . Targets Rammed 2 | . . . 2 . Kicked . | . . . . . Crushed . | . . . . . Highest Temperature 432 | . 6 1 123 432 Average Temperature 74 | . 6 1 20 135 Received Heat Transfer 1356 | . 81 48 588 639 Effects 3 | . . . . 3 Energy Bleed 2 | . . . . 2 Matter Decay 1 | . . . . 1 Siege Activations . | . . . . . Robots Corrupted . | . . . . . Combat Hostiles . | . . . . . Parts Fried 2 | . . . . 2 Impact Corruptions . | . . . . . Robots Melted . | . . . . . Combat Hostiles . | . . . . . Parts Melted 7 | . . . 3 4 Heat Transferred 2960 | . . . 1961 999 Parts Sabotaged . | . . . . . Parts Stolen . | . . . . . Parts Stripped . | . . . . . Power Chain Reactions . | . . . . . Alert | -11 -10 -10 -9 -8 ------- Run | Yrd Mat Min Mat Mat Peak Influence 513 | 5 37 55 513 315 Initial 112 | . 2 12 18 112 Average 173 | 2 8 26 258 173 Maximum Alert Level 2 | . . . 2 1 Low Security (%) 53 | 100 100 100 23 65 Level 1 34 | . . . 53 34 Level 2 11 | . . . 22 . Level 3 . | . . . . . Level 4 . | . . . . . Level 5 . | . . . . . High Security . | . . . . . Max Security . | . . . . . Squads Dispatched 6 | . . . 1 5 Investigation 1 | . . . . 1 Extermination . | . . . . . Reinforcement 2 | . . . 1 1 Assault . | . . . . . Garrison 3 | . . . . 3 Intercept . | . . . . . Searches Triggered . | . . . . . Construction Impeded 1 | . . . 1 . Haulers Reinforced . | . . . . . Active Scanning Responses . | . . . . . Cargo Convoy Interrupts . | . . . . . Stealth | -11 -10 -10 -9 -8 --------- Run | Yrd Mat Min Mat Mat Distress Signals 7 | . 1 . 4 2 Communications Jammed . | . . . . . Distress Signals . | . . . . . Times Spotted 76 | . 6 3 47 20 Peak Tracking Total 9 | . 3 2 8 9 Tactical Retreats 11 | . . 1 6 4 Traps | -11 -10 -10 -9 -8 ------- Run | Yrd Mat Min Mat Mat Traps Triggered . | . . . . . Indirectly . | . . . . . Trap Hack Attempts . | . . . . . Triggered . | . . . . . Disarmed . | . . . . . Reprogrammed . | . . . . . Reused . | . . . . . Traps Extracted . | . . . . . Installed . | . . . . . Triggered . | . . . . . Machines | -11 -10 -10 -9 -8 ---------- Run | Yrd Mat Min Mat Mat Machines Disabled . | . . . . . Max in Single Turn . | . . . . . Machines Repaired . | . . . . . Machines Dismantled . | . . . . . Machines Sabotaged . | . . . . . Overloaded Fab Kills . | . . . . . Hacking | -11 -10 -10 -9 -8 --------- Run | Yrd Mat Min Mat Mat Machines Accessed 5 | . 1 1 2 1 Terminals 4 | . 1 . 2 1 Fabricators . | . . . . . Repair Stations . | . . . . . Recycling Units . | . . . . . Scanalyzers . | . . . . . Garrison Access . | . . . . . Total Hacks 8 | . 1 1 4 2 Successful 3 | . . 1 2 . Failed 5 | . 1 . 2 2 Catastrophic . | . . . . . Database Lockouts . | . . . . . Manual . | . . . . . Terminals 7 | . 1 . 4 2 Fabricators . | . . . . . Repair Stations . | . . . . . Recycling Units . | . . . . . Scanalyzers . | . . . . . Garrison Access . | . . . . . Terminal Hacks 3 | . . 1 2 . Record 2 | . . . 2 . Open Door 1 | . . 1 . . Fabricator Hacks . | . . . . . Repair Station Hacks . | . . . . . Recycling Unit Hacks . | . . . . . Scanalyzer . | . . . . . Garrison Access Hacks . | . . . . . Unauthorized Hacks . | . . . . . Terminals . | . . . . . Fabricators . | . . . . . Repair Stations . | . . . . . Recycling Units . | . . . . . Scanalyzers . | . . . . . Garrison Access . | . . . . . Data Cores Recovered . | . . . . . Used . | . . . . . Hacking Detections 3 | . 1 . 1 1 Full Trace Events . | . . . . . Feedback Events . | . . . . . Feedback Blocked . | . . . . . Robot Schematics Acquired . | . . . . . Robots Built . | . . . . . Authchips . | . . . . . Time . | . . . . . Total Robot Build Rating . | . . . . . Part Schematics Acquired . | . . . . . Parts Built . | . . . . . Authchips . | . . . . . Time . | . . . . . Total Part Build Rating . | . . . . . Parts Repaired . | . . . . . Time . | . . . . . Parts Recycled . | . . . . . Recycled Matter . | . . . . . Retrieved Matter . | . . . . . Retrieved Components . | . . . . . Parts Scanalyzed . | . . . . . Part Schematics Acquired . | . . . . . Parts Damaged . | . . . . . Bothacking | -11 -10 -10 -9 -8 ------------ Run | Yrd Mat Min Mat Mat Used RIF Installer . | . . . . . Robots Hacked 2 | . 2 . . . Non-combat 2 | . 2 . . . Combat . | . . . . . Robot Hacks Applied 2 | . 2 . . . parse_system 2 | . 2 . . . Relay Couplers Released . | . . . . . Fabnet Peak Effective % . | . . . . . Robots Rewired . | . . . . . Allies Hacked . | . . . . . Hacks Repelled . | . . . . . Allies | -11 -10 -10 -9 -8 -------- Run | Yrd Mat Min Mat Mat Total Allies . | . . . . . Largest Group . | . . . . . Highest-Rated Group . | . . . . . Highest-Rated Ally . | . . . . . Total Orders . | . . . . . Ally Attacks . | . . . . . Total Damage . | . . . . . Kills . | . . . . . Allies Corrupted . | . . . . . Allies Melted . | . . . . . Intel | -11 -10 -10 -9 -8 ------- Run | Yrd Mat Min Mat Mat Robot Analysis Total . | . . . . . Derelict Logs Recovered 1 | . . 1 . . Drone Launches . | . . . . . Drone Recoveries . | . . . . . Exploration | -11 -10 -10 -9 -8 ------------- Run | Yrd Mat Min Mat Mat Turns Passed 2307 | 69 241 353 1209 435 Spaces Moved 1391 | 41 119 125 677 429 Core 93 | 14 . . 56 23 Treads 394 | 27 119 125 123 . Legs 11 | . . . 11 . Wheels . | . . . . . Hover 134 | . . . . 134 Flight 759 | . . . 487 272 Fastest Speed 34 | 50 160 160 37 34 Average Speed 113 | 122 160 160 123 71 Slowest Speed 350 | 160 160 160 350 300 Overloaded Moves . | . . . . . Propulsion Burnouts . | . . . . . Robots Hopped . | . . . . . Cave-ins Triggered . | . . . . . Exploration Rate (%) 29 | 3 29 29 44 44 Regions Visited 4 Branch Regions 1 Pre-discovered Areas 1 | . . 1 . . Known Exits Taken . | . . . . . Unknown Exits Taken 4 | 1 1 1 1 . Scrap Searched 1 | . . 1 . . Spaces Dug 7 | . . 7 . . Terrain Destroyed 44 | . . 15 29 . Melee . | . . . . . Projectile . | . . . . . AOE 44 | . . 15 29 . Terrain Rammed . | . . . . . Walls Destroyed . | . . . . . Machines Disabled . | . . . . . Actions | -11 -10 -10 -9 -8 --------- Run | Yrd Mat Min Mat Mat Total 1908 | 59 162 258 912 517 Wait 241 | . 29 99 74 39 Move 1387 | 40 118 124 676 429 Hop . | . . . . . Pick Up 41 | 8 2 2 24 5 Fast Attach 30 | 1 1 2 15 11 Attach 20 | 6 . 1 10 3 Detach 2 | 2 . . . . Swap 13 | . . 2 7 4 Drop 37 | 1 1 4 25 6 Fire 133 | 1 9 24 79 20 Melee 2 | . 2 . . . Ram . | . . . . . Kick . | . . . . . Crush 2 | . . . 2 . Escape Stasis . | . . . . . Rewire . | . . . . . Trap . | . . . . . Miscellaneous . | . . . . . Route ------- -11/Scrapyard -10/Materials -10/Mines -9/Materials -8/Materials History --------- Turn | Location | Event 3 | -11/Scrapyard | Discovered new exit (range 15) 70 | -11/Scrapyard | Entered Materials 177 | -10/Materials | Discovered new exit (range 10) 308 | -10/Materials | Build established: Mutant 311 | -10/Materials | Entered Mines 322 | -10/Mines | Met a Derelict bent on vengeance 337 | -10/Mines | Excavation squad dispatched 337 | -10/Mines | A large section of the Mines collapsed 547 | -10/Mines | Found the Drone Emporium 557 | -10/Mines | Found Prototype Device 557 | -10/Mines | Identified Decoy Drone Bay 587 | -10/Mines | Excavation squad dispatched 651 | -10/Mines | Discovered new exit (range 7) 664 | -10/Mines | Entered Materials 664 | -9/Materials | Evolved 2 slots: Propulsion x1, Utility x1 1000 | -9/Materials | Destroyed 7 combat bots 1351 | -9/Materials | Build established: Hacker-Mutant 1669 | -9/Materials | Core integrity fell below 50% 1866 | -9/Materials | Discovered new exit (range 4) 1873 | -9/Materials | Entered another Materials area 1873 | -8/Materials | Evolved 2 slots: Power x1, Utility x1 2035 | -8/Materials | Garrison activated, responded to threat 2066 | -8/Materials | Met 7R-MNS 2072 | -8/Materials | Lost 7 parts (2p2n1u2w) 2279 | -8/Materials | Lost 6 parts (2p2n2u) 2308 | -8/Materials | Self-destructed Last Messages --------------- K-01 Serf destroyed. Aerolev Unit destroyed. U-05 Engineer destroyed. K-01 Serf destroyed. K-01 Serf collects debris. Slug penetrates Wall. K-01 Serf collects debris. Slug penetrates Wall. H-55 Commando destroyed. Switching to secondary target: Y-45 Defender. K-01 Serf collects debris. W-25 Informer distress signal alerts nearby ally. K-01 Serf collects debris. C-30 ARC bursts open, deploying its payload. G-50 Soldier unfolds itself. G-47 Trooper unfolds itself. K-01 Serf collects debris. Lgt. Nuclear Core destroyed. Field Laser destroyed. Map ----- +----------------------------------------------------+ | ?????????????????????????????????????????????????? | | ?????????????????????????????????????????????????? | | ?????????????????????????????????????????????????? | | ?????????????????????????????????????????????????? | | ?????????????????????????????????????????????????? | | ?????????????????????????????????????????????????? | | ???????????????????????????##+###????????????????? | | ?????????????????????????? ?????????????????? | | ?????????????????????????? ^ ?????????????????? | | ?????????###????????????? ??????????????????? | | ????###### ####????????? """???????????????????? | | ????# ]] ########## """ ]]??????????????? | | ????# ] / !|%!!%[ """ ?????????????? | | ????# ######=* " ?????????????? | | ????# # #=! ! "% ?????????????? | | ????# # /= " ?????????????? | | ????# # # ?????????????? | | ????# * # # ?????????????? | | ????# [%%! # [ # ##############??????????????? | | #########/#####/ # #???????????????????????????? | | # / = %#??# # #???????????????????????????? | | # = #### #??# g #???????????????????????????? | | #|% #??# #??# #Y######??????????????????????? | | # #??# #??###### #??????????????????????? | | # #??# #???????# #??????????????????????? | | # #??# #???????#""" @#??????????????????????? | | # #?## ##??????#""" #??????????????????????? | | ###/### #??????#""" [ #??????????????????????? | | !%! #??????# #??????????????????????? | | =! T #??????########??????????????????????? | | #????????????????????????????????????? | | #### #????????????????????????????????????? | | #??#######????????????????????????????????????? | | #?????????????????????????????????????????????? | | #?????????????????????????????????????????????? | | #?????????????????????????????????????????????? | | #?????????????????????????????????????????????? | | #?????????????????????????????????????????????? | | #?????????????????????????????????????????????? | | #?????????????????????????????????????????????? | | # """????????????????????????????????????????? | | [ + """????????????????????????????????????????? | | = # "#????????????????????????????????????? | | = # "#????????????????????????????????????? | | [% #? "#????????????????????????????????????? | | #??[ #????????????????????????????????????? | | #???######????????????????????????????????????? | | ?????????????????????????????????????????????? | | ????????????????????????????????????????????? | | ???????????????????????????????????????????? | +----------------------------------------------------+ Best States ------------- Heat Dissipation 51 Energy Generation 23 Energy Capacity 305 Matter Stores 300 Matter Capacity 300 Sight Range 16 Terrain Scan Density 10 Additional Mass Support 6 Resistance: KI 20 Resistance: TH 20 Resistance: EX 20 Resistance: EM 20 Resistance: I 20 Resistance: S 20 Resistance: P 20 Evasion (%) 63 Recoil Reduction 1 Particle Charging 15 Offensive Hacking 10 Defensive Hacking 20 Item Schematics ----------------- None Robot Schematics ------------------ None Fabricated ------------ Nothing Alien Tech Used ----------------- None Achievements -------------- None Challenges ------------ None Game ------ Seed TargetCryofiberBroadsword Manual? 0 Play Time 00:30:19 Cumulative 5.1 hours Start 2024.05.31 @ 17:27:19 End 2024.06.01 @ 11:50:33 Sessions 3 Manual Loads 0 Difficulty Adventurer Special Mode None Game No. 12 Rogue 0 Adventurer 12 Explorer 0 Win Type - Total 0 Types 0/0/0/0/0/0/0/0/0 Lore% 13 Gallery% 14 Achievement% 11 Wizard Run 0 Options --------- Layout 1 ASCII 0 Keyboard 0 Movement Mouse Keybinds 0 Fullscreen 1 Font 32/SmallcapsGlow Map View 50x35 Zoom Use 76% Tactical HUD 0 Map Filters NONE Filters NONE Steam 1 RUN: 1dc99d10-eaad-42ce-9080-275dd1c34db2